 Dungeon Crawl Stone Soup version 0.30-a0-723-gc1506a1cf0 (webtiles) character file.

Game seed: 4542897216380809012

300 porpoise the Chopper (level 6, 0/56 HPs)
             Began as a Hill Orc Monk on Jan 29, 2023.
             Slain by a gnoll bouda
             ... wielding a +0 whip of electrocution
              (10 damage)
             ... on level 4 of the Dungeon.
             The game lasted 00:09:22 (3251 turns).

porpoise the Chopper (Hill Orc Monk)                Turns: 3251, Time: 00:09:23

Health: 0/56       AC:  7    Str: 16    XL:     6   Next: 36%
Magic:  6/6        EV: 10    Int: 10    God:
Gold:   138        SH:  0    Dex: 19    Spells: 5/5 levels left

rFire   . . .      SeeInvis .    a - +0 hand axe
rCold   . . .      Faith    .    (no shield)
rNeg    . . .      Spirit   .    d - +0 scale mail
rPois   .          Reflect  .    h - +1 hat
rElec   .          Harm     .    (no cloak)
rCorr   .          Rampage  .    (no gloves)
Will    .....                    (no boots)
Stlth   +                        (no amulet)
HPRegen 0.29/turn                f - +6 ring of dexterity
MPRegen 0.10/turn                (no ring)

@: no status effects
A: no striking features
a: no special abilities


You were on level 4 of the Dungeon.
You visited 1 branch of the dungeon, and saw 4 of its levels.

You collected 138 gold pieces.

Inventory:

Hand Weapons
 a - a +0 hand axe (weapon)
 b - a +0 sling
Missiles
 o - 6 boomerangs
 r - 2 poisoned darts
Armour
 d - a +0 scale mail (worn)
 h - a +1 hat (worn)
Jewellery
 f - a +6 ring of dexterity (left hand)
Scrolls
 g - a scroll of noise {unknown}
 j - 4 scrolls of fog
 k - a scroll of magic mapping {unknown}
 l - 2 scrolls of enchant armour {unknown}
 m - 4 scrolls of identify
 p - a scroll of brand weapon {unknown}
 s - a scroll of fear {unknown}
 u - a scroll of amnesia {unknown}
 v - a scroll of blinking {unknown}
 w - a scroll of teleportation {unknown}
Potions
 c - a potion of ambrosia
 e - a potion of attraction
 i - a potion of heal wounds
 n - 2 potions of flight
 q - a potion of curing
 t - a potion of lignification


   Skills:
 + Level 5.6 Fighting
 * Level 7.8 Axes
 - Level 2.4 Dodging
 - Level 1.5 Stealth


You had 5 spell levels left.
You didn't know any spells.
Your spell library contained the following spells:

 Spells                   Type           Power      Damage    Failure   Level
 Magic Dart               Conj           0%         1d3       82%         1
 Call Imp                 Summ           0%         N/A       91%         2
 Mephitic Cloud           Conj/Pois/Air  0%         N/A       99%         3


Dungeon Overview and Level Annotations

Branches:
Dungeon (4/15)
 Temple: D:4-7

Altars:

Shops:
D:1 =


Message History

Things that are here:
a +0 spear; a gnoll corpse You hit the gnoll.
The gnoll is moderately wounded.
The gnoll misses you.
The gnoll bouda barks out a call to the hunt!
The gnoll picks up the pace!
You hit the gnoll.
The gnoll is severely wounded.
The gnoll barely misses you.
You slash the gnoll!
You kill the gnoll!
You hit the gnoll bouda.
The gnoll bouda is lightly wounded.
The gnoll bouda completely misses you.
You barely miss the gnoll bouda.
The gnoll bouda is lightly wounded.
You hit the gnoll bouda.
The gnoll bouda is moderately wounded.
The gnoll bouda barely misses you.
You barely miss the gnoll bouda.
The gnoll bouda is moderately wounded.
The gnoll bouda hits you with a +0 whip of electrocution.
You hit the gnoll bouda but do no damage.
The gnoll bouda is moderately wounded.
The gnoll bouda hits you with a +0 whip of electrocution.
You are electrocuted!
You hit the gnoll bouda.
The gnoll bouda is heavily wounded.
The gnoll bouda closely misses you.
You hit the gnoll bouda.
The gnoll bouda is heavily wounded.
The gnoll bouda hits you with a +0 whip of electrocution!
You are electrocuted!
* * * LOW HITPOINT WARNING * * *
You feel much better.
The gnoll bouda hits you with a +0 whip of electrocution.
* * * LOW HITPOINT WARNING * * *
You are electrocuted!
You die...

### ... #g# # #g#
#. #g# #. #@#
#.##.# #..).#
######
#.#.#....###.....##
..........#.......#
#.#.#.##..#<†.....#
# #..#..#.....^.#
##....).......#
#....#.#####.#


You could see a gnoll bouda and 2 gnolls.

Vanquished Creatures
  A scorpion (D:3)
  Jessica (D:2)
  Terence (D:2)
  7 adders
  3 gnolls (D:4)
  A worm (D:2)
  4 dart slugs
  7 orcs
  4 bats
  9 endoplasms
  3 giant cockroaches
  8 goblins
  9 hobgoblins
  3 jackals
  2 quokkas
  5 ball pythons
  A frilled lizard (D:2)
  9 kobolds
  7 rats
85 creatures vanquished.

Notes
Turn   | Place    | Note
-------+----------+-------------------------------------------
     0 | D:1      | porpoise the Hill Orc Monk began the quest for the Orb.
     0 | D:1      | Reached XP level 1. HP: 19/19 MP: 1/1
   108 | D:1      | Reached XP level 2. HP: 12/27 MP: 2/2
   330 | D:1      | Found Dogas's Jewellery Shop.
   396 | D:1      | Reached skill level 5 in Axes
   581 | D:1      | Reached XP level 3. HP: 33/33 MP: 3/3
   870 | D:2      | Noticed Jessica
   875 | D:2      | Killed Jessica
   876 | D:2      | Reached XP level 4. HP: 33/41 MP: 4/4
  1049 | D:2      | Noticed Terence
  1080 | D:2      | Killed Terence
  1081 | D:2      | Reached skill level 6 in Axes
  1476 | D:2      | Identified the +7 short sword of the Goat {freeze, Str+2
                  | Int+4}
  1533 | D:2      | Reached XP level 5. HP: 46/47 MP: 5/5
  1990 | D:3      | Reached skill level 5 in Fighting
  1990 | D:3      | Reached skill level 7 in Axes
  2292 | D:3      | Reached XP level 6. HP: 56/56 MP: 6/6
  3250 | D:4      | HP: 2/56 [gnoll bouda/+0 whip of electrocution (16)]
  3251 | D:4      | Slain by a gnoll bouda

Illustrated notes

Levels and vault maps discovered:
D:1:      dpeg_arrival_line_fractal, layout_basic, serial_shops, shop
D:2:      layout_rooms, minmay_fractal_squares_gapless_5, uniq_jessica,
          uniq_terence
D:3:      minmay_razor_zed, layout_loops_corners
D:4:      layout_loops_cross, dreamdust_divine_triumvirate, doesnt_xom_only_xom,
          minmay_misc_feat_rugged, minmay_misc_feat_hallway, st_stairs_9,
          kennysheep_generic_room_13

Skill      XL: |  1  2  3  4  5 |
---------------+----------------+-----
Fighting       | 4 5 |  5.6
Axes           | 5 6 7 |  7.8
Dodging        | |  2.4
Stealth        | |  1.5

Action                     |  1- 3 |  4- 6 || total
---------------------------+-------+-------++-------
  Melee: Hand axe          |    39 |   229 ||   268
         Punch             |       |     4 ||     4
   Fire: Sling             |    39 |     7 ||    46
    Use: Potion            |       |     4 ||     4
         Scroll            |       |     4 ||     4
   Stab: Sleeping          |     1 |       ||     1
 Armour: Robe              |    11 |     6 ||    17
         Scale mail        |       |    55 ||    55
  Dodge: Dodged            |    19 |   127 ||   146

Table legend: (Time is in decaauts)
 A = Elapsed time spent in this place.
 B = Non-inter-level travel time spent in this place.
 C = Inter-level travel time spent in this place.
 D = Time resting spent in this place.
 E = Time spent auto-exploring this place.
 F = Levels seen in this place.
 G = Mean time per level.
                   A        B        C        D        E       F      G
               +--------+--------+--------+--------+--------+-----+--------+
         Total |   3254 |   3182 |     72 |    838 |   1724 |   4 |  813.5 |
       Dungeon |   3254 |   3182 |     72 |    838 |   1724 |   4 |  813.5 |
               +--------+--------+--------+--------+--------+-----+--------+

Top non-repeatable levels by time:
     D:3: 1521 daAuts
     D:2: 877 daAuts
     D:1: 809 daAuts
     D:4: 47 daAuts
